 Dungeon Crawl Stone Soup version 0.18-a0-1485-g189885c (webtiles) character file.

66 SlimeFever the Skirmisher (level 3, 0/29 HPs)
             Began as a Demonspawn Berserker on Mar 3, 2016.
             Was a Believer of Trog.
             Succumbed to an adder's poison
             ... on level 2 of the Dungeon.
             The game lasted 00:07:49 (1483 turns).

SlimeFever the Skirmisher (Demonspawn Berserker)    Turns: 1483, Time: 00:07:49

Health: 0/29       AC:  6    Str: 18    XL:     3   Next: 96%
Magic:  3/3        EV: 11    Int:  8    God:    Trog [**....]
Gold:   85         SH:  0    Dex: 12    Spells: 0 memorised, 2 levels left

rFire  . . .     SeeInvis .     a - +0 falchion
rCold  . . .     Gourm    .     j - +0 ring mail
rNeg   + . .     Faith    .     (no shield)
rPois  .         Spirit   .     (no helmet)
rElec  .         Dismiss  .     (no cloak)
rCorr  .         Reflect  .     g - +0 pair of gloves
SustAt .         Harm     .     (no boots)
MR     .....                    (no amulet)
Stlth  +.........               (no ring)
                                e - ring of positive energy

@: lethally poisoned (0 -> -5), not resistant to hostile enchantments, very
unstealthy
A: sturdy frame 1
a: Berserk, Trog's Hand, Burn Spellbooks, Renounce Religion


You were on level 2 of the Dungeon.
You worshipped Trog.
Trog was pleased with you.
You were hungry.

You visited 1 branch of the dungeon, and saw 2 of its levels.

You collected 85 gold pieces.

Inventory:

Hand Weapons
 a - a +0 falchion (weapon)
Missiles
 i - 16 bolts
 l - 28 arrows
Armour
 g - a +0 pair of gloves (worn)
 j - a +0 ring mail (worn)
Jewellery
 e - a ring of positive energy (left hand)
Scrolls
 b - a scroll of teleportation {unknown}
 k - a scroll of amnesia {unknown}
Potions
 d - a potion of flight
 h - 2 potions of resistance {unknown}
Comestibles
 c - 2 bread rations
 f - 3 fruits


   Skills:
 + Level 3.5 Fighting
 * Level 3.3 Long Blades
 * Level 2.5 Armour
 + Level 2.1 Dodging
 + Level 0.6 Stealth


You had 2 spell levels left.
You didn't know any spells.

Dungeon Overview and Level Annotations

Branches:
Dungeon (2/15)

Altars:


Innate Abilities, Weirdness & Mutations

Your movements are slightly less encumbered by armour (ER -2).


Message History

You kill the adder!
Trog accepts your kill.
You feel sick.
You feel sick.
You feel sick.
You feel sick.
You feel sick.
Your skin stops crawling.
You feel less resistant to hostile enchantments.
* * * LOW HITPOINT WARNING * * *
You feel sick.
* * * LOW HITPOINT WARNING * * *
You feel sick.
* * * LOW HITPOINT WARNING * * *
You feel sick.
* * * LOW HITPOINT WARNING * * *
You feel sick.
* * * LOW HITPOINT WARNING * * *
You feel sick.
You die...

,,,,,,.....*******,*,,,,,,,,,,**,
,,,,,,.....,,,,,,,,,%.,,,,,,,,,,,
,,,,,,.....##******#.#***,,*****,
,,,,,,.......,* #.#***,,* *,
,,,,,,,,.....,* #.#.....#****+
,,,,**####...,* #.#......,,,,,
,,,,,,.......## #.#.....#**,,,
***********#..######.#.....<,,,,,
*##** ##...@....+......,,,,, ##
*..,* #.######.#......,,,,,
.#**.#,**** #.#.......#********,,
.+,,.#,,,,* #...####..#### *,,
.###.#***,* #...#........# *,,
....#####.# #..<.........# **.
..........####.##........# *.
.##.########.............# *.
.##.# #.........##.###.# *#


There were no monsters in sight!

Vanquished Creatures
  4 adders (D:2)
  An ooze (D:2)
  A dart slug (D:1)
  A giant gecko (D:2)
  A hobgoblin (D:1)
  3 jackals (D:2)
  3 bats (D:1)
  2 giant newts
  4 goblins
  2 kobolds (D:1)
  3 rats
25 creatures vanquished.

Notes
Turn   | Place    | Note
--------------------------------------------------------------
     0 | D:1      | SlimeFever the Demonspawn Berserker began the quest for the Orb.
     0 | D:1      | Reached XP level 1. HP: 18/18 MP: 1/1
   332 | D:1      | Gained mutation: Your movements are slightly less encumbered by armour (ER -2). [demonic ancestry]
   332 | D:1      | Reached XP level 2. HP: 20/24 MP: 2/2
  1085 | D:2      | Reached ** piety under Trog
  1162 | D:2      | Reached XP level 3. HP: 26/29 MP: 3/3
  1481 | D:2      | HP: 1/29 [poisoned by an adder]
  1483 | D:2      | Succumbed to an adder's poison

Vault maps used:
D:1:      matt_arrival_debris, serial_forest, infiniplex_forest_end_2,
          infiniplex_forest_side_room, infiniplex_forest_lined_room_2,
          infiniplex_forest_lined_3_way, infiniplex_forest_clump_tiny,
          infiniplex_forest_clump_cross, infiniplex_forest_zigzag_2,
          infiniplex_forest_lined_3, st_stairs_14
D:2:      first_bread

Skill      XL: |  1  2 |
---------------+-------+-----
Long Blades    | 3 |  3.3
Armour         | 2 |  2.5
Dodging        | 2 |  2.1
Fighting       | |  3.5
Stealth        | |  0.6

Action                   || total
-------------------------++-------
Melee: Falchion          ||   142
Invok: Trog's Hand       ||     1
  Use: Scroll            ||     3
  Eat: Beef jerky        ||     1
